Workbook
Name AbaDeprec: '5. Depreciação'!$A$1
Name AbaRemun: '6.Remuneração de capital'!$A$1

Sheet 1. Coleta Domiciliar
A1: Orientações para preenchimento:
A2: 1. Esta planilha é somente um modelo-base, devendo ser adaptada para cada caso concreto.
A3: Qualquer custo previsto no edital e não contemplado nesta planilha deverá ser devidamente incluído.
A4: 2. Antes de preenchê-la, leia a Orientação Técnica - Serviço de coleta de resíduos sólidos domiciliares
A5: 3. Preencher somente células em amarelo
A7: O TCE/RS não se responsabiliza pelo uso incorreto desta planilha.
A8: O orçamento deve ser realizado por responsável técnico habilitado e é de responsabilidade do seu autor.
A10: 1. Coleta de Resíduos Sólidos
A11: Planilha de Composição de Custos
A13: Orçamento Sintético
A14: Descrição do Item | E14: Custo (R$/mês) | F14: %
A15: =A52 -> 1. Mão-de-obra | E15: =+F142 -> 10470.936 | F15: =IFERROR(E15/$E$35,0) -> 0.58220178
A16: =A54 -> 1.1. Coletor Turno Dia | E16: =F65 -> 6077.3389 | F16: =IFERROR(E16/$E$35,0) -> 0.33791035
A17: =A67 -> 1.2. Coletor Turno Noite | E17: =F84 -> 0 | F17: =IFERROR(E17/$E$35,0) -> 0
A18: =A86 -> 1.2. Motorista Turno do Dia | E18: =F99 -> 3452.9984 | F18: =IFERROR(E18/$E$35,0) -> 0.19199257
A19: =A101 -> 1.4. Motorista Turno Noite | E19: =F120 -> 0 | F19: =IFERROR(E19/$E$35,0) -> 0
A20: =A122 -> 1.5. Vale Transporte | E20: =F128 -> 124.01834 | F20: =IFERROR(E20/$E$35,0) -> 0.0068956299
A21: =A130 -> 1.6. Vale-refeição (diário) | E21: =F134 -> 704.76 | F21: =IFERROR(E21/$E$35,0) -> 0.039185851
A22: =A136 -> 1.7. Auxílio Alimentação (mensal) | E22: =F140 -> 111.82 | F22: =IFERROR(E22/$E$35,0) -> 0.0062173816
A23: =A144 -> 2. Uniformes e Equipamentos de Proteção Individual | E23: =+F176 -> 128.2125 | F23: =IFERROR(E23/$E$35,0) -> 0.0071288324
A24: =A178 -> 3. Veículos e Equipamentos | E24: =+F255 -> 3789.5974 | F24: =IFERROR(E24/$E$35,0) -> 0.21070804
A25: =A180 -> 3.1. Veículo Coletor Compactador xx m³ | E25: =SUM(E26:E31) -> 3789.5974 | F25: =IFERROR(E25/$E$35,0) -> 0.21070804
A26: =A182 -> 3.1.1. Depreciação | E26: =F196 -> 734.00828 | F26: =IFERROR(E26/$E$35,0) -> 0.040812105
A27: =A198 -> 3.1.2. Remuneração do Capital | E27: =F212 -> 252.19908 | F27: =IFERROR(E27/$E$35,0) -> 0.014022697
A28: =A214 -> 3.1.3. Impostos e Seguros | E28: =F220 -> 148.125 | F28: =IFERROR(E28/$E$35,0) -> 0.0082360012
A29: =A222 -> 3.1.4. Consumos | E29: =F238 -> 1317.0192 | F29: =IFERROR(E29/$E$35,0) -> 0.073228501
A30: =A240 -> 3.1.5. Manutenção | E30: =F243 -> 1317.0192 | F30: =IFERROR(E30/$E$35,0) -> 0.073228501
A31: =A245 -> 3.1.6. Pneus | E31: =F252 -> 21.226667 | F31: =IFERROR(E31/$E$35,0) -> 0.0011802387
A32: =A257 -> 4. Ferramentas e Materiais de Consumo | E32: =+F267 -> 372 | F32: =IFERROR(E32/$E$35,0) -> 0.020683831
A33: =A269 -> 5. Monitoramento da Frota | E33: =+F278 -> 131.25 | F33: =IFERROR(E33/$E$35,0) -> 0.0072977226
A34: =A282 -> 6. Benefícios e Despesas Indiretas - BDI | E34: =+F288 -> 3093.0675 | F34: =IFERROR(E34/$E$35,0) -> 0.1719798
A35: PREÇO TOTAL MENSAL COM A COLETA | E35: =E15+E23+E24+E32+E33+E34 -> 17985.063 | F35: =F15+F23+F24+F32+F33+F34 -> 1
A38: Quantitativos
A39: Mão-de-obra | E39: Quantidade
A40: =+A54 -> 1.1. Coletor Turno Dia | E40: 2
A41: =+A67 -> 1.2. Coletor Turno Noite | E41: =C83 -> 0
A42: =+A86 -> 1.2. Motorista Turno do Dia | E42: 1
A43: =+A101 -> 1.4. Motorista Turno Noite | E43: =C119 -> 0
A44: Total de mão-de-obra (postos de trabalho) | E44: =SUM(E40:E43) -> 3
A46: Veículos e Equipamentos | E46: Quantidade
A47: =+A180 -> 3.1. Veículo Coletor Compactador xx m³ | E47: 1
A50: Fator de utilização (FU)
A52: 1. Mão-de-obra
A54: 1.1. Coletor Turno Dia
A55: Discriminação | B55: Unidade | C55: Quantidade | D55: Custo unitário | E55: Subtotal | F55: Total (R$)
A56: Piso da categoria | B56: mês | C56: 1 | D56: 1687.48 | E56: =C56*D56 -> 1687.48
A57: Horas Extras (100%) | B57: hora | D57: =D56/220*2 -> 15.340727 | E57: =C57*D57 -> 0 | G57: Excluir esta linha caso a contratação não tenha previsão de horas extras 100% explícita no edital
A58: Horas Extras (50%) | B58: hora | D58: =D56/220*1.5 -> 11.505545 | E58: =C58*D58 -> 0 | G58: Excluir esta linha caso a contratação não tenha previsão de horas extras 50% explícita no edital
A59: Descanso Semanal Remunerado (DSR) - hora extra | B59: R$ | D59: =63/302*(SUM(E57:E58)) -> 0 | E59: =D59 -> 0 | G59: Excluir esta linha caso a contratação não tenha previsão de horas extras explícita no edital
A60: Adicional de Insalubridade | B60: % | C60: 0.4 | D60: =SUM(E56:E59) -> 1687.48 | E60: =C60*D60 -> 674.992
A61: Soma | E61: =SUM(E56:E60) -> 2362.472
A62: Encargos Sociais | B62: % | C62: ='2.Encargos Sociais'!$C$37*100 -> 71.496604 | D62: =E61 -> 2362.472 | E62: =D62*C62/100 -> 1689.0873
A63: Total por Coletor | E63: =E61+E62 -> 4051.5593
A64: Total do Efetivo | B64: homem | C64: 2 | D64: =E63 -> 4051.5593 | E64: =C64*D64 -> 8103.1185
D65: Fator de utilização | E65: 0.75 | F65: =E64*E65 -> 6077.3389
A67: 1.2. Coletor Turno Noite
A68: Discriminação | B68: Unidade | C68: Quantidade | D68: Custo unitário | E68: Subtotal | F68: Total (R$)
A69: Piso da categoria | B69: mês | C69: 1 | D69: 0 | E69: =C69*D69 -> 0
A70: Adicional Noturno | B70: horas trabalhadas
B71: hora contabilizada | C71: =C70*8/7 -> 0 | D71: =D69/220*0.2 -> 0 | E71: =C71*D71 -> 0
A72: Horas Extras (100%) | B72: hora | D72: =D69/220*2 -> 0 | E72: =C72*D72 -> 0 | G72: Excluir esta linha caso a contratação não tenha previsão de horas extras 100% explícita no edital
A73: Horas Extras Noturnas (100%) | B73: horas trabalhadas | G73: Excluir esta linha caso a contratação não tenha previsão de horas extras noturnas 100% explícita no edital
B74: hora contabilizada | C74: =C73*8/7 -> 0 | D74: =D69/220*2*1.2 -> 0 | E74: =C74*D74 -> 0 | G74: Excluir esta linha caso a contratação não tenha previsão de horas extras noturnas 100% explícita no edital
A75: Horas Extras (50%) | B75: hora | D75: =D69/220*1.5 -> 0 | E75: =C75*D75 -> 0 | G75: Excluir esta linha caso a contratação não tenha previsão de horas extras 50% explícita no edital
A76: Horas Extras Noturnas (50%) | B76: horas trabalhadas | G76: Excluir esta linha caso a contratação não tenha previsão de horas extras noturnas 50% explícita no edital
B77: hora contabilizada | C77: =C76*8/7 -> 0 | D77: =D69/220*1.5*1.2 -> 0 | E77: =C77*D77 -> 0 | G77: Excluir esta linha caso a contratação não tenha previsão de horas extras noturnas 50% explícita no edital
A78: Descanso Semanal Remunerado (DSR) - hora extra | B78: R$ | D78: =63/302*(SUM(E72:E77)) -> 0 | E78: =D78 -> 0 | G78: Excluir esta linha caso a contratação não tenha previsão de horas extras explícita no edital
A79: Adicional de Insalubridade | B79: % | C79: 0.4 | D79: =SUM(E69:E78) -> 0 | E79: =C79*D79/100 -> 0
A80: Soma | E80: =SUM(E69:E79) -> 0
A81: Encargos Sociais | B81: % | C81: ='2.Encargos Sociais'!$C$37*100 -> 71.496604 | D81: =E80 -> 0 | E81: =D81*C81/100 -> 0
A82: Total por Coletor | E82: =E80+E81 -> 0
A83: Total do Efetivo | B83: homem | D83: =E82 -> 0 | E83: =C83*D83 -> 0
D84: Fator de utilização | E84: =$B$50 -> 0 | F84: =E83*E84 -> 0
A86: 1.2. Motorista Turno do Dia
A87: Discriminação | B87: Unidade | C87: Quantidade | D87: Custo unitário | E87: Subtotal | F87: Total (R$)
A88: Piso da categoria (2) | B88: mês | C88: 1 | D88: 2156.6 | E88: =C88*D88 -> 2156.6
A89: Salário mínimo nacional (1) | B89: mês | C89: 1 | D89: 1320
A90: Horas Extras (100%) | B90: hora | D90: =D88/220*2 -> 19.605455 | E90: =C90*D90 -> 0 | G90: Excluir esta linha caso a contratação não tenha previsão de horas extras 100% explícita no edital
A91: Horas Extras (50%) | B91: hora | D91: =D88/220*1.5 -> 14.704091 | E91: =C91*D91 -> 0 | G91: Excluir esta linha caso a contratação não tenha previsão de horas extras 50% explícita no edital
A92: Descanso Semanal Remunerado (DSR) - hora extra | B92: R$ | D92: =63/302*(SUM(E90:E91)) -> 0 | E92: =D92 -> 0 | G92: Excluir esta linha caso a contratação não tenha previsão de horas extras explícita no edital
A93: Base de cálculo da Insalubridade | C93: 0.4 | D93: =D89 -> 1320 | E93: =D93*C93 -> 528
A94: Adicional de Insalubridade | B94: % | D94: =IF(C93=2,SUM(E88:E92),IF(C93=1,(SUM(E88:E92))*D89/D88,0)) -> 0 | E94: =C94*D94/100 -> 0
A95: Soma | E95: =SUM(E88:E94) -> 2684.6
A96: Encargos Sociais | B96: % | C96: ='2.Encargos Sociais'!$C$37*100 -> 71.496604 | D96: =E95 -> 2684.6 | E96: =D96*C96/100 -> 1919.3978
A97: Total por Motorista | E97: =E95+E96 -> 4603.9978
A98: Total do Efetivo | B98: homem | C98: 1 | D98: =E97 -> 4603.9978 | E98: =C98*D98 -> 4603.9978
D99: Fator de utilização | E99: 0.75 | F99: =E98*E99 -> 3452.9984
A101: 1.4. Motorista Turno Noite
A102: Discriminação | B102: Unidade | C102: Quantidade | D102: Custo unitário | E102: Subtotal | F102: Total (R$)
A103: Piso da categoria (2) | B103: mês | C103: 1 | D103: 0 | E103: =C103*D103 -> 0
A104: Salário mínimo nacional (1) | B104: mês | C104: 1 | D104: =D89 -> 1320
A105: Adicional Noturno | B105: horas trabalhadas
B106: hora contabilizada | C106: =C105*8/7 -> 0 | D106: =D103/220*0.2 -> 0 | E106: =C106*D106 -> 0
A107: Horas Extras (100%) | B107: hora | D107: =D103/220*2 -> 0 | E107: =C107*D107 -> 0 | G107: Excluir esta linha caso a contratação não tenha previsão de horas extras 100% explícita no edital
A108: Horas Extras Noturnas (100%) | B108: horas trabalhadas | G108: Excluir esta linha caso a contratação não tenha previsão de horas extras noturnas 100% explícita no edital
B109: hora contabilizada | C109: =C108*8/7 -> 0 | D109: =D103/220*2*1.2 -> 0 | E109: =C109*D109 -> 0 | G109: Excluir esta linha caso a contratação não tenha previsão de horas extras noturnas 100% explícita no edital
A110: Horas Extras (50%) | B110: hora | D110: =D103/220*1.5 -> 0 | E110: =C110*D110 -> 0 | G110: Excluir esta linha caso a contratação não tenha previsão de horas extras 50% explícita no edital
A111: Horas Extras Noturnas (50%) | B111: horas trabalhadas | G111: Excluir esta linha caso a contratação não tenha previsão de horas extras noturnas 50% explícita no edital
B112: hora contabilizada | C112: =C111*8/7 -> 0 | D112: =D103/220*1.5*1.2 -> 0 | E112: =C112*D112 -> 0 | G112: Excluir esta linha caso a contratação não tenha previsão de horas extras noturnas 50% explícita no edital
A113: Descanso Semanal Remunerado (DSR) - hora extra | B113: R$ | D113: =63/302*(SUM(E107:E112)) -> 0 | E113: =D113 -> 0 | G113: Excluir esta linha caso a contratação não tenha previsão de horas extras explícita no edital
...

Sheet 2.Encargos Sociais
A1: Orientações para preenchimento:
A2: 1. Preencha previamente os dados de entrada na planilha 3.CAGED
A4: O TCE/RS não se responsabiliza pelo uso incorreto desta planilha.
A5: O orçamento deve ser realizado por responsável técnico habilitado e é de responsabilidade do seu autor.
A7: 2. Composição dos Encargos Sociais
A8: Código | B8: Descrição | C8: Valor
A9: A1 | B9: INSS | C9: 0.2
A10: A2 | B10: SESI | C10: 0.015
A11: A3 | B11: SENAI | C11: 0.01
A12: A4 | B12: INCRA | C12: 0.002
A13: A5 | B13: SEBRAE | C13: 0.006
A14: A6 | B14: Salário educação | C14: 0.025
A15: A7 | B15: Seguro contra acidentes de trabalho | C15: 0.03
A16: A8 | B16: FGTS | C16: 0.08
A17: A | B17: SOMA GRUPO A | C17: =SUM(C9:C16) -> 0.368
A19: B1 | B19: Férias gozadas | C19: =ROUND(IF('3.CAGED'!C28>24,(1-12/'3.CAGED'!C28)*0.1111,0.1111-C28),4) -> 0.0619
A20: B2 | B20: 13º salário | C20: =ROUND('3.CAGED'!C32/'3.CAGED'!C29,4) -> 0.0833
A21: B3 | B21: Licença Paternidade | C21: 0.0006
A22: B4 | B22: Faltas justificadas | C22: 0.0082
A23: B5 | B23: Auxilio acidente de trabalho | C23: 0.0031
A24: B6 | B24: Auxilio doença | C24: 0.0166
A25: B | B25: SOMA GRUPO B | C25: =SUM(C19:C24) -> 0.1737
A27: C1 | B27: Aviso prévio indenizado | C27: =ROUND(('3.CAGED'!C33) *'3.CAGED'!C26/'3.CAGED'!C29,4) -> 0.0256
A28: C2 | B28: Férias indenizadas | C28: =ROUND(IF('3.CAGED'!C28>12,12/'3.CAGED'!C28*0.1111,0.1111),4) -> 0.0492
A29: C3 | B29: Férias indenizadas s/ aviso previo inden. | C29: =(('3.CAGED'!C30+'3.CAGED'!C31)/360*C27) -> 0.0028444444
A30: C4 | B30: Depósito rescisão sem justa causa | C30: =ROUND(('3.CAGED'!C29+'3.CAGED'!C30+'3.CAGED'!C32)/'3.CAGED'!C27*'3.CAGED'!C34*'3.CAGED'!C35*'3.CAGED'!C26/'3.CAGED'!C29,4) -> 0.0205
A31: C5 | B31: Indenização adicional | C31: =ROUND(('3.CAGED'!C31/'3.CAGED'!C29)*'3.CAGED'!C26/12,4) -> 0.0018
A32: C | B32: SOMA GRUPO C | C32: =SUM(C27:C31) -> 0.099944444
A34: D1 | B34: Reincidência de Grupo A sobre Grupo B | C34: =ROUND(C17*C25,24) -> 0.0639216
A35: D2 | B35: Reincidência de FGTS sobre aviso prévio indenizado | C35: =ROUND((C27*C17),4) -> 0.0094
A36: D | B36: SOMA GRUPO D | C36: =SUM(C34:C35) -> 0.0733216
B37: SOMA (A+B+C+D) | C37: =C36+C32+C25+C17 -> 0.71496604

Sheet 3.CAGED
A1: CÁLCULO DAS VERBAS INDENIZATÓRIAS DOS EMPREGADOS NO SETOR DE COLETA DE RSU
A3: Tendo em vista que o CAGED foi descontinuado em janeiro de 2020, esta planilha foi atualizada até 31/12/2019.
A5: Preencha as células em amarelo
B7: 3. CAGED
B8: Rio Grande do Sul - Coleta de Resíduos Não-Perigosos - CNAE 38114
B9: Admissões | C9: 2100
B10: Desligamentos | C10: 2031
B11: Dispensados com justa causa | C11: 44
B12: Dispensados sem justa causa | C12: 1192
B13: Espontâneos | C13: 372
B14: Fim de contrato por prazo determinado | C14: 22
B15: Término de contrato | C15: 350
B16: Aposentados | C16: 1
B17: Mortos | C17: 30
B18: Transferência de saída | C18: 0
B19: Acordo | C19: 0
B20: Indicadores
B21: Estoque recuperado início do Período 01-01-2019 | C21: 4625
B22: Estoque recuperado final do Período 31-12-2019 | C22: 4694
B23: Variação Emprego Absoluta de 01-01-2019 a 31-12-2019 | C23: =C9-C10 -> 69
B25: Estoque Médio | C25: =MEDIAN(C21,C22) -> 4659.5
B26: % Demitidos s/ Justa Causa em relação ao Estoque Médio | C26: =C12/C25 -> 0.25582144
B27: Taxa de Rotatividade | C27: =MEDIAN(C9,C10)/C25 -> 0.44328791
B28: Rotatividade temporal (meses) | C28: =12/C27 -> 27.070443
B29: Dias ano | C29: 360
B30: 1/3 de férias (dias) | C30: 10
B31: Férias (dias) | C31: 30
B32: 13º Salário (dias) | C32: 30
B33: Dias de Aviso prévio | C33: =30+(3*TRUNC(1/C27)) -> 36
B34: FGTS | C34: 0.08
B35: Multa FGTS | C35: 0.4 | D35: Ajustado, de acordo com a nova Lei Federal nº 13.932/2019

Sheet 4.BDI
A1: Orientações para preenchimento:
A2: 1. Esta planilha é somente um modelo-base e deve ser ajustada conforme cada caso concreto.
A3: 2. Preencher somente células em amarelo
A5: O TCE/RS não se responsabiliza pelo uso incorreto desta planilha.
A6: O orçamento deve ser realizado por responsável técnico habilitado e é de responsabilidade do seu autor.
A8: 4. Composição do BDI - Benefícios e Despesas Indiretas
D10: Referência estudo TCE
D11: 1° Quartil | E11: Médio | F11: 3° Quartil
A12: Administração Central | B12: AC | C12: 0.0297 | D12: 0.0297 | E12: 0.0508 | F12: 0.0627
A13: Seguros/Riscos/Garantias | B13: SRG | C13: 0.0086 | D13: =0.3%+0.56% -> 0.0086 | E13: =0.48%+0.85% -> 0.0133 | F13: =0.82%+0.89% -> 0.0171
A14: Lucro | B14: L | C14: 0.0778 | D14: 0.0778 | E14: 0.1085 | F14: 0.1355
A15: Despesas Financeiras | B15: DF | C15: =(1+E15)^(E16/252)-1 -> 0.0074125032 | D15: i | E15: 0.064
A16: Tributos - ISS | B16: T | C16: 0.03 | D16: DU | E16: 30
A17: Tributos - PIS/COFINS | C17: 0.0365
A18: Fórmula para o cálculo do BDI:
A19: {[(1+AC+SRG) x (1+L) x (1+DF)] / (1-T)} -1
A20: Resultado do cálculo do BDI: | C20: =ROUND((((1+C12+C13)*(1+C14)*(1+C15))/(1-(C16+C17))-1),4) -> 0.2077 | D20: 0.2143 | E20: 0.2717 | F20: 0.3362

Sheet 5. Depreciação
A1: 5. Depreciação Referencial TCE/RS (%)
A2: Idade do veículo (ano) | B2: Depreciação Média
A3: 1 | B3: 33.63
A4: 2 | B4: 43.13
A5: 3 | B5: 48.68
A6: 4 | B6: 52.62
A7: 5 | B7: 55.68
A8: 6 | B8: 58.18
A9: 7 | B9: 60.29
A10: 8 | B10: 62.12
A11: 9 | B11: 63.73
A12: 10 | B12: 65.18
A13: 11 | B13: 66.48
A14: 12 | B14: 67.67
... A17: 15 | B17: 70.73

Sheet 6.Remuneração de capital
A1: 6. Remuneração de Capital
A3: Fórmula de cálculo da remuneração de capital:
A12: Jm = remuneração de capital mensal
A13: i = taxa de juros do mercado (sugere-se adotar a taxa SELIC)
A14: Im = investimento médio
A15: V0 = valor inicial do bem
A16: Vr = valor residual do bem
A17: n = vida útil do bem em anos

Sheet 7. Dimensionamento
A1: Orientações para preenchimento:
A2: 1. Esta planilha é somente um modelo de cálculo expedito e deve ser ajustada conforme cada caso concreto.
A3: 2. Dimensionar separadamente setores atendidos por veículos de capacidade de carga diferentes.
A4: 3. Preencher somente células em amarelo
A6: O TCE/RS não se responsabiliza pelo uso incorreto desta planilha.
A7: O orçamento deve ser realizado por responsável técnico habilitado e é de responsabilidade do seu autor.
A9: 7. Dimensionamento da frota
A11: Indicador | B11: Unid | C11: Valor
A12: População (H) | B12: hab | C12: 3613
A13: Geração per capita (G) | B13: Kg/hab.dia | C13: =0.0362741*C12^0.2336249 -> 0.24592529
A14: Geração total diária (Qd) | B14: ton/dia | C14: =C12*C13/1000 -> 0.88852807
A15: Geração Mensal | B15: ton | C15: =(C14*30) -> 26.655842
A16: Número de dias de coleta por semana (Dc) | B16: dia | C16: 4
A17: Quantitativo diário de coleta (Qc) | B17: ton/dia | C17: =IFERROR(C14*7/C16,0) -> 1.5549241
A18: Densidade RSU compactado | B18: Kg/m³ | C18: 500
A19: Tipo de Veículo (1 = toco, 2 = truck) | C19: 1
A20: Capacidade do Compactador | B20: m³ | C20: 15
A21: Capacidade nominal de carga (Cc) | B21: ton | C21: =IF(AND(C20>=15,C19=1),5.8,C20/2) -> 5.8
A22: Número de Cargas por dia (Nc) | C22: =IFERROR(C17/C21,0) -> 0.26809037
A23: Número total de percursos de coleta por veículo, por dia (Np) | C23: 1
A24: Número de veículos da Frota (F) | C24: =IFERROR(C22/C23,0) -> 0.26809037
